AoeStats
← Crazy_Owl

Golden Pit

507497660Analyzed
1v1 RM · 15d ago on Sep 18, 2026· 27m 42s· 2 players
Game mode
Random Map
Map size
Tiny (2 player)
Population
200
Speed
Normal
Resources
Standard
Victory
Conquest
Starting age
Dark Age
Ending age
Imperial Age
RankedLock teamsTeams togetherTeam positionsShared explorationLock speedFull tech treeHidden civsTurbo modeCheats
Victory
Defeat
🇬🇧 Armenians · United Kingdom
879
+16
🇳🇱 Goths · Netherlands
876
-16
Crazy_Owl
12:02 Feudal Age
12:39 Horse Collar
12:54 Double-Bit Axe
14:18 Wheelbarrow
15:22 Loom
ahmedkhaledaljaberi
8:07 Loom
10:57 Feudal Age
11:33 Man-at-Arms
12:30 Long Swordsman
16:09 Arson
26:32 Wheelbarrow
26:13 Scale Mail Armor
26:23 Forging
Connection lost

Rejoining the realm…

Still unreachable

The connection could not be restored.

Session expired

The server has moved on; the page needs a fresh start.